 Dungeon Crawl Stone Soup version 0.26-a0-451-gacbe401039 (webtiles) character file.

Game seed: 18203871677340442304

2401208 Ge0ff the Human Blade (level 27, 235/235 HPs)
             Began as a Human Berserker on July 27, 2020.
             Escaped with the Orb
             ... and 5 runes on July 28, 2020!
             The game lasted 05:14:48 (120870 turns).

Ge0ff the Human Blade (Human Berserker)           Turns: 120870, Time: 05:14:48

Health: 235/235    AC: 44    Str: 28    XL:     27
Magic:  32/32      EV: 15    Int: 11    God:
Gold:   1054       SH:  0    Dex: 15    Spells: 26/26 levels left

rFire    + . .     SeeInvis +   x - +9 triple sword (freeze)
rCold    + + .     Faith    .   (shield currently unavailable)
rNeg     + + .     Spirit   +   J - +8 orange crystal plate armour {Archmagi, Int+3 Clar}
rPois    +         Reflect  .   Q - +0 mask of the Dragon {MR+ Slay+3 SInv}
rElec    +         Harm     .   h - scarf {repulsion}
rCorr    +         Clarity  +   Y - +2 pair of gloves of the Trombone {rF+}
MR       +++..                  A - +2 pair of boots {rampage}
Stlth    ..........             r - amulet of Dewkuxubb {Spirit MP+9}
HPRegen  0.49/turn              D - ring of Xom's Sleight of Hands {rElec rC++ rCorr}
MPRegen  0.23/turn              z - ring of Pocritua {rPois rN++ Stlth+, =R}

@: repel missiles
A: claws 1, sense surroundings 1, subdued magic 2
0: Orb of Zot
}: 5/15 runes: decaying, serpentine, slimy, silver, abyssal
a: no special abilities


You escaped.
You visited 17 branches of the dungeon, and saw 66 of its levels.
You visited the Abyss 17 times.
You also visited: Ice Cave and Desolation.

You collected 13560 gold pieces.
You spent 12506 gold pieces at shops.

Inventory:

Hand Weapons
 a - the +8 war axe "Reugohe" {vamp, rPois MR+ Stlth+}
   (You took it off a centaur warrior on level 13 of the Dungeon)

   It inflicts no extra harm, but heals its wielder when it wounds a living foe.
   It protects you from poison.
   It affects your resistance to hostile enchantments.
   It makes you more stealthy.
 b - the +10 morningstar "Eos" {elec, Halo rElec}
   (You took it off a deep elf demonologist on level 3 of the Elven Halls)

   Occasionally, upon striking a foe, it will discharge some electrical energy
   and cause terrible harm.
   It insulates you from electricity.
 v - a +9 great mace of holy wrath
 w - the +18 lance "Wyrmbane" {slay drac, rPois rF+ rC+ AC+3}
   (You found it in the Desolation of Salt)

   It affects your AC (+3).
   It protects you from fire.
   It protects you from cold.
   It protects you from poison.
 x - a +9 triple sword of freezing (weapon)
 y - a +7 vorpal executioner's axe
 P - the +7 sceptre of Torment {pain, torment}
   (You found it on level 3 of the Depths)

   In the hands of one skilled in necromantic magic, it inflicts extra damage on
   living creatures.
Missiles
 g - a throwing net {=f}
 L - 1701 stones (quivered)
Armour
 h - a scarf of repulsion (worn)
 A - a +2 pair of boots of rampaging (worn)
 J - the +8 orange crystal plate armour (worn) {Archmagi, Int+3 Clar}
   (You took it off an orc on level 4 of the Vaults)

   It affects your intelligence (+3).
   It protects you against confusion.
 Q - the +0 mask of the Dragon (worn) {MR+ Slay+3 SInv}
   (You found it on level 3 of the Realm of Zot)

   It affects your accuracy and damage with ranged weapons and melee attacks
   (+3).
   It affects your resistance to hostile enchantments.
   It lets you see invisible.
 Y - the +2 pair of gloves of the Trombone (worn) {rF+}
   (You acquired it on level 1 of the Elven Halls)

   It protects you from fire.
Jewellery
 f - the ring of Phasing {EV+8}
   (You took it off a deep elf sorcerer on level 3 of the Elven Halls)

   [ring of evasion]

   It affects your evasion (+8).
 r - the amulet of Dewkuxubb (around neck) {Spirit MP+9}
   (You bought it in a shop on level 1 of the Snake Pit)

   [amulet of guardian spirit]

   It causes incoming damage to be split between your health and magic.
   It affects your magic capacity (+9).
 z - the ring of Pocritua (right hand) {rPois rN++ Stlth+, =R}
   (You found it on level 2 of the Snake Pit)

   [ring of poison resistance]

   It protects you from poison.
   It greatly protects you from negative energy.
   It makes you more stealthy.
 D - the ring of Xom's Sleight of Hands (left hand) {rElec rC++ rCorr}
   (You found it on level 2 of the Snake Pit)

   [ring of resist corrosion]

   It greatly protects you from cold.
   It insulates you from electricity.
   It provides partial protection from all sources of acid and corrosion.
Wands
 c - a wand of clouds (16)
 d - a wand of digging (3)
 e - a wand of enslavement (20)
 j - a wand of acid (25)
 k - a wand of iceblast (22)
 p - a wand of paralysis (94)
 s - a wand of disintegration (43)
Scrolls
 i - 12 scrolls of identify
 u - a scroll of holy word
 B - 8 scrolls of blinking
 C - 24 scrolls of remove curse
 E - 13 scrolls of fear
 F - 6 scrolls of fog
 S - a scroll of summoning
 T - 28 scrolls of teleportation
 V - 9 scrolls of vulnerability
Potions
 m - 5 potions of mutation
 o - 3 potions of ambrosia
 q - 36 potions of curing
 H - 5 potions of haste {!q}
 I - 4 potions of invisibility
 K - 5 potions of magic {!q}
 M - 5 potions of might
 N - 3 potions of cancellation {!q}
 R - 4 potions of resistance
 W - 20 potions of heal wounds {!q}
 X - 5 potions of flight
 Z - 7 potions of berserk rage {!q}
Miscellaneous
 l - a lightning rod (4/4)
 n - a phial of floods
 t - a tin of tremorstones (3/3)
 G - the horn of Geryon
 O - 12 boxes of beasts
 U - 9 phantom mirrors


   Skills:
 - Level 23.0 Fighting
 - Level 24.0 Long Blades
 - Level 20.2(24.5) Axes
 - Level 24.0(26.3) Maces & Flails
 - Level 22.0 Armour
 * Level 15.8 Dodging
 + Level 6.2 Stealth
 * Level 19.4 Evocations


You had 26 spell levels left.
You didn't know any spells.
Your spell library was empty.

Dungeon Overview and Level Annotations

Branches:
Dungeon (15/15)            Temple (1/1) D:7            Lair (6/6) D:10
  Swamp (4/4) Lair:4        Snake (4/4) Lair:3        Slime (5/5) Lair:6
    Orc (2/2) D:10            Elf (3/3) Orc:2        Vaults (5/5) D:14
  Crypt (3/3) Vaults:2       Tomb (0/3) Crypt:3      Depths (5/5) D:15
   Hell (visited)             Dis (4/7) Hell            Geh (1/7) Hell
    Coc (1/7) Hell            Tar (1/7) Hell            Zot (5/5) Depths:5
  IceCv (visited)         Desolation (visited)

Altars:
Ashenzari
Cheibriados
Dithmenos
Elyvilon
Fedhas
Gozag
Hepliaklqana
Kikubaaqudgha
Makhleb
Nemelex Xobeh
Okawaru
Qazlal
Ru
Sif Muna
Trog
Uskayaw
Vehumet
Wu Jian
Xom
Yredelemnul
Zin
The Shining One
Beogh
Jiyva

Shops:
D:7 (   D:8 !   Orc:2 (!([(   Elf:1 (!*:   Elf:3 (   Snake:1 =}=   Snake:2 }
Vaults:5 ??   Zot:5 *   Depths:1 *:}

Portals:
Hell: Depths:1 Depths:2 Depths:3 Depths:4 Depths:5
Abyss: Depths:2 Depths:4
Pandemonium: Depths:3
Ziggurat: Depths:2


Innate Abilities, Weirdness & Mutations

You have sharp fingernails.
You passively map a small area around you.
Your spells are easier to cast, but less powerful.


Message History

You carve the ynoxinul like a ham!!! You freeze the ynoxinul.
You kill the ynoxinul!
The ufetubus disappears in a puff of smoke! x3
(D) Dungeon (T) Temple (L) Lair (S) Swamp (P) Snake Pit (M) Slime Pits (O) Orcish Mines (E) Elven Halls (V) Vaults (C) Crypt (W) Tomb (U) Depths (H) Hell (I) Dis (G) Gehenna (X) Cocytus (Y) Tartarus (Z) Zot
Where to? (Enter - D:1 @ (x,y), ? - help) HP restored.
There is a stone staircase leading up here.
You climb upwards.
There is a stone staircase leading down here.
There is an escape hatch in the ceiling here.
A mysterious force pulls you upwards. The hatch slams shut behind you.
There is a stone staircase leading up here.
You climb upwards.
There is a stone staircase leading down here.
There is a staircase leading out of the dungeon here.
You have escaped!

#.# #.# ######.## #.#
..>##...#### #.#
.#.#.......# #.#
.>.##..################
#.####.#..............#
#......#..............#
######.#..............#
#.#..#####.@.##..#
#.#..# #...##..# #.#..#
#.......# #.#..#
#.......# #.#..#
#.......# ##.#..#
#..###..# ##
#..#..#####..# #..#
.####..#.........# #..#
.......#.........###..#


There were no monsters in sight!

Vanquished Creatures
  Dissolution (Slime:4)
  8 orbs of fire (Zot:5)
  8 ancient liches
  A juggernaut (Depths:5)
  3 greater mummies (Depths:3)
  Boris (twice) (Crypt:2 Depths:2)
  4 Killer Klowns
  Frederick (Vaults:4)
  A shard shrike (Hell)
  Bai Suzhen (Snake:3)
  4 curse toes
  A caustic shrike (Depths:2)
  Geryon (Hell)
  the Enchantress (Depths:2)
  14 golden dragons
  5 bone dragons
  16 Brimstone Fiends
  4 electric golems
  A Tzitzimitl (Dis:2)
  15 tentacled monstrosities
  5 liches
  26 Orb Guardians
  A Hell Sentinel (Abyss:1)
  2 Ice Fiends
  26 acid blobs
  3 deep elf blademasters
  5 titans (Vaults:5)
  2 deep elf master archers (Elf:3)
  9 quicksilver dragons
  3 ancient champions (Crypt:3)
  5 death cobs
  17 tentacled starspawn
  The ghost of threeofswords the Fighter, an adept HuBe of Trog (Elf:1)
  4 sphinxes
  The ghost of marsu the Impaler, an adept FoFi of Makhleb (Snake:4)
  2 thorn hunters
  Kirke (D:14)
  7 revenants
  6 tengu reavers
  Roxanne (Elf:2)
  14 storm dragons
  13 shadow dragons
  3 draconian monks
  13 nagarajas
  5 azure jellies
  9 draconian knights
  10 deep elf sorcerers
  5 fire giants
  8 ghost moths
  9 draconian scorchers
  Aizul (Snake:2)
  13 vault wardens
  Louise (Snake:4)
  7 balrugs
  11 frost giants
  An imperial myrmidon (Desolation)
  2 curse skulls
  7 draconian stormcallers
  6 deep elf elementalists
  A caustic shrike zombie (Depths:4)
  An emperor scorpion (shapeshifter) (Depths:2)
  4 draconian annihilators
  The ghost of Zarlindeir the Geomancer, a journeyman GrEE of Vehumet (Lair:6)
  9 draconian shifters
  4 spriggan defenders (Depths:2)
  20 ironheart preservers
  7 reapers
  3 war gargoyles
  8 ghouls (Crypt:1)
  37 stone giants
  4 vampire knights
  An ophan (Abyss:1)
  5 deep elf demonologists
  15 very ugly things
  2 lorocyprocas
  4 halazid warlocks (Desolation)
  8 white draconians
  13 green draconians
  11 deep elf annihilators
  12 purple draconians
  26 yellow draconians
  A dire elephant (Lair:6)
  5 red draconians
  9 black draconians
  6 eidola
  7 death oozes
  9 deep elf death magi
  A quicksilver dragon zombie (Abyss:1)
  21 ettins
  Snorg (D:10)
  4 blizzard demons
  3 green deaths
  A kraken zombie (Hell)
  2 mummy priests (Depths:3)
  5 servants of whispers (Desolation)
  17 great orbs of eyes
  5 ragged hierophants (Desolation)
  10 jiangshi
  4 deep elf high priests
  9 yaktaur captains
  Harold (D:7)
  11 fire dragons
  A quicksilver dragon skeleton (Geh:1)
  5 peacekeepers
  6 rakshasas
  2 ghost crabs (Swamp:3)
  The ghost of dracos369 the Fighter, a novice OgAM of Dithmenos (D:8)
  23 hydras
  10 ice dragons
  3 spriggan air magi (Depths:2)
  3 hell beasts
  26 vault guards
  13 centaur warriors
  10 alligators
  Erica (Lair:2)
  8 anacondas
  An alligator (shapeshifter) (Vaults:5)
  A merfolk avatar (Lair:6)
  4 shambling mangroves
  12 naga warriors
  59 two-headed ogres
  25 dancing weapons
  4 death knights
  3 tengu warriors
  15 ogre magi
  8 deep troll shamans
  4 death yaks (Lair:6)
  25 hell hogs
  8 vampire magi
  3 orc high priests (Orc:2)
  8 shock serpents
  10 deep troll earth magi
  Urug (D:10)
  A spriggan berserker (Depths:5)
  12 naga sharpshooters
  8 soul eaters
  9 thrashing horrors
  4 titan zombies (Geh:1)
  6 storm dragon zombies
  Nergalle (D:10)
  10 wretched stars
  14 hell knights
  Sonja (Lair:5)
  22 sun demons
  18 deep elf knights
  2 fire crabs
  3 shadow wraiths
  3 storm dragon skeletons
  42 skeletal warriors
  2 salamander mystics (Snake:2)
  2 titan skeletons
  4 golden dragon zombies
  5 iron trolls
  8 sixfirhies
  A ghost moth zombie (Coc:1)
  A spark wasp zombie (Hell)
  A fire crab (shapeshifter) (Elf:2)
  3 spatial maelstroms
  An unseen horror (shapeshifter) (Vaults:1)
  6 swamp dragons
  A quicksilver dragon simulacrum (Crypt:1)
  8 wizards
  7 sea snakes (Snake:4)
  42 starcursed masses
  39 deep trolls
  5 phantasmal warriors
  5 unseen horrors
  A lindwurm (shapeshifter) (Depths:3)
  3 spriggan druids
  14 flayed ghosts
  An anaconda skeleton (Geh:1)
  80 deep elf magi
  5 naga ritualists
  2 sphinx zombies (Depths:4)
  14 deep elf archers
  6 glowing orange brains
  2 golden dragon skeletons
  A shadow dragon zombie (Geh:1)
  2 lindwurms (Depths:1)
  2 kraken simulacra (Hell)
  19 ironbrand convokers
  5 harpies (Vaults:2)
  2 tengu zombies (Depths:4)
  19 orc knights
  An iron dragon zombie (Geh:1)
  6 fire giant zombies
  A shining eye (shapeshifter) (D:14)
  52 ugly things
  9 necromancers
  2 oklob plants
  A shining eye (Slime:1)
  10 mana vipers
  7 stone giant zombies
  3 elephants (Lair:6)
  9 orc sorcerers
  A wolf spider (D:15)
  An iron dragon skeleton (Depths:4)
  5 frost giant zombies
  19 cyclopes
  2 shadow dragon skeletons
  4 tengu skeletons
  3 worldbinders
  A manticore (D:13)
  2 centaur zombies
  19 moths of wrath
  2 fire giant skeletons
  14 salamanders
  2 dire elephant zombies (Geh:1)
  19 guardian serpents
  4 ice statues
  5 rust devils
  A stone giant skeleton (Geh:1)
  A molten gargoyle (Depths:2)
  16 naga magi
  6 orange demons
  An eye of devastation (Slime:4)
  An apocalypse crab (Abyss:1)
  41 black mambas
  5 frost giant skeletons
  25 cane toads
  9 smoke demons
  19 vault sentinels
  A grey draconian zombie (Crypt:2)
  8 hellions
  2 gargoyles
  2 catoblepas zombies (Geh:1)
  8 komodo dragons
  53 yaktaurs
  2 yaktaur zombies
  A komodo dragon (shapeshifter) (Vaults:3)
  16 ice devils
  18 freezing wraiths
  A yaktaur (shapeshifter) (Vaults:5)
  A demonic crawler (Depths:3)
  2 dire elephant skeletons
  2 emperor scorpion zombies
  4 tormentors (Geh:1)
  An anaconda simulacrum (IceCv)
  3 efreet
  2 minotaur skeletons
  3 rime drakes
  2 alligator snapping turtle skeletons (Crypt:3)
  3 hellwings (Abyss:1)
  2 yaktaur skeletons
  A catoblepas skeleton (Crypt:2)
  6 tengu conjurers
  6 hydra zombies
  9 ancient zymes
  21 red devils
  A jumping spider (shapeshifter) (D:13)
  7 polar bears
  18 hornets
  A queen ant zombie (Crypt:3)
  A meliai (shapeshifter) (Abyss:1)
  A queen bee (shapeshifter) (Vaults:3)
  15 trolls
  3 harpy zombies
  A tengu simulacrum (Vaults:1)
  A wind drake (Lair:6)
  2 silent spectres (Abyss:3)
  A hornet (shapeshifter) (Depths:3)
  A sphinx simulacrum (Vaults:4)
  3 harpy skeletons
  2 elf zombies
  A fire dragon zombie (Hell)
  43 blink frogs
  10 tyrant leeches
  Prince Ribbit (D:7)
  A deep troll zombie (Hell)
  100 slime creatures
  14 bog bodies
  50 saltlings (Desolation)
  35 raiju
  A death drake skeleton (Crypt:3)
  2 ettin zombies
  6 hippogriffs
  4 ice dragon zombies
  A raiju (shapeshifter) (Vaults:2)
  20 dream sheep
  A meliai zombie (Crypt:3)
  2 frost giant simulacra
  2 hydra skeletons
  An alligator zombie (Geh:1)
  3 ice dragon skeletons
  43 flying skulls
  A spriggan simulacrum (Depths:1)
  3 black mamba zombies
  8 water elementals
  9 ynoxinuls
  A dire elephant simulacrum (IceCv)
  13 shadows
  17 small abominations
  3 ettin skeletons
  Sigmund (D:6)
  11 spriggans
  2 fire dragon skeletons (Geh:1)
  A tarantella (shapeshifter) (Vaults:2)
  5 wyverns
  5 basilisks
  4 hogs (D:14)
  5 fire bats
  13 wraiths
  30 yaks
  8 neqoxecs
  4 golden eyes (Abyss:1)
  A human (D:14)
  2 basilisks (shapeshifter)
  14 chaos spawn
  A swamp worm (shapeshifter) (Depths:2)
  25 vampire mosquitoes
  7 fire elementals
  4 wargs
  4 harpy simulacra
  An infernal demonspawn zombie (Geh:1)
  7 insubstantial wisps
  A spatial vortex (Abyss:3)
  8 swamp worms
  A warg (shapeshifter) (Elf:1)
  A human zombie (Hell)
  An iron troll simulacrum (IceCv)
  70 nagas
  31 large abominations
  21 hell hounds
  2 soldier ants (D:12)
  4 hydra simulacra
  An acid dragon (Vaults:2)
  2 floating eyes
  14 water moccasins
  2 cane toad zombies
  A merfolk skeleton (Geh:1)
  5 porcupines
  A fire dragon simulacrum (Abyss:1)
  4 swamp drakes
  A cane toad skeleton (Crypt:1)
  3 ice beasts
  2 hornet zombies
  11 necrophages
  50 orc warriors
  6 black bears
  7 eyes of draining
  7 phantoms
  2 snapping turtle zombies (Geh:1)
  5 sky beasts
  A swamp dragon zombie (Crypt:3)
  A black bear (shapeshifter) (D:14)
  2 ettin simulacra
  8 boggarts
  A lindwurm zombie (Crypt:1)
  21 wolves
  15 centaurs
  An elephant skeleton (Crypt:3)
  2 hog zombies
  A human skeleton (Vaults:3)
  A lindwurm skeleton (Crypt:1)
  42 ogres
  11 crocodiles
  8 big kobolds (D:8)
  13 bullfrogs
  3 elf skeletons
  A palentonga skeleton (Crypt:2)
  2 wyvern zombies
  A cane toad simulacrum (Hell)
  3 earth elementals
  A scorpion (D:8)
  2 water moccasin skeletons
  11 killer bees
  51 wights
  An electric eel (Elf:1)
  4 howler monkeys
  10 crimson imps
  A wolf zombie (Crypt:2)
  A bullfrog zombie (D:13)
  6 quasits
  6 hounds
  28 jellies
  27 orc priests
  27 orc wizards
  3 bullfrog skeletons
  9 centaur skeletons
  7 iron imps
  7 iguanas
  13 worker ants
  2 killer bee zombies
  A sky beast zombie (Crypt:2)
  A naga skeleton (Geh:1)
  A crocodile skeleton (Crypt:3)
  A hound zombie (D:5)
  3 hound skeletons
  2 howler monkey zombies (D:5)
  3 gnolls (Orc:1)
  A worker ant zombie (D:5)
  15 adders
  13 white imps
  8 ufetubi
  2 oozes
  2 adder zombies
  2 adder skeletons
  A worm (D:3)
  A dart slug (D:2)
  2 leopard geckos (D:3)
  An orc (shapeshifter) (Vaults:5)
  126 orcs
  5 bats
  4 giant cockroaches
  2 goblins
  3 hobgoblins (D:2)
  7 jackals
  3 quokkas
  5 ball pythons
  4 frilled lizards
  A jackal skeleton (Crypt:1)
  3 kobolds
  A kobold simulacrum (Crypt:3)
  A leopard gecko skeleton (D:8)
  2 leopard gecko zombies (D:5)
  2 orc skeletons
  A quokka skeleton (Crypt:1)
  6 rats
  A butterfly (Lair:3)
  A fungus (Lair:1)
  3 lurking horrors
  3 plants (Lair:5)
  20 starspawn tentacles
  5 tentacles (Hell)
3469 creatures vanquished.

Vanquished Creatures (collateral kills)
  the Royal Jelly (Slime:5)
  A bone dragon (Crypt:3)
  The ghost of MrRokkomies the Spry, an adept DgWn (Vaults:2)
  A shard shrike skeleton (Crypt:3)
  A death cob (Zot:4)
  3 acid blobs
  A sphinx (Vaults:5)
  A shadow dragon (Vaults:5)
  3 azure jellies (Slime:1)
  A draconian monk (Zot:4)
  A draconian scorcher (Zot:4)
  A deep elf demonologist (Elf:3)
  An ettin (Vaults:5)
  3 death oozes (Slime:1)
  2 deep elf high priests
  A great orb of eyes (Slime:1)
  A naga sharpshooter (Snake:4)
  2 dancing weapons
  A phantasmal warrior (Vaults:5)
  3 shining eyes
  A moth of wrath (Zot:4)
  A saltling (Elf:2)
  4 slime creatures
  2 flying skulls (Crypt:3)
  4 jellies (Slime:1)
  An ooze (Slime:1)
43 creatures vanquished.

Vanquished Creatures (others)
  Asterion (Depths:1)
  3 death cobs (Zot:4)
  2 draconian knights (Zot:3)
  A draconian annihilator (Zot:4)
  A black draconian (Zot:3)
  A deep elf annihilator (Vaults:5)
  A white draconian (Zot:4)
  A naga warrior (Snake:2)
  A deep troll (Vaults:4)
  A deep elf mage (Elf:1)
  A frost giant skeleton (Geh:1)
  A saltling (Desolation)
  A water elemental (Elf:1)
  A naga (Depths:1)
  An orc warrior (Vaults:1)
  An orc priest (Orc:2)
  A jelly (Zot:2)
  2 orc wizards
  An ufetubus (Abyss:1)
  2 orcs
  A demonic plant (Abyss:3)
  25 fungi
  2 lurking horrors
  25 plants
  43 starspawn tentacles
  16 tentacles (Hell)
137 creatures vanquished.

Grand Total: 3649 creatures vanquished

Notes
Turn   | Place    | Note
-------+----------+-------------------------------------------
     0 | D:1      | Ge0ff the Human Berserker began the quest for the Orb.
     0 | D:1      | Reached XP level 1. HP: 18/18 MP: 1/1
   670 | D:1      | Reached XP level 2. HP: 24/24 MP: 2/2
   892 | D:2      | Found a shattered altar of Ashenzari.
  1086 | D:2      | Reached skill level 1 in Stealth
  1150 | D:2      | Found a shimmering altar of Xom.
  1923 | D:2      | Reached XP level 3. HP: 29/29 MP: 3/3
  2360 | D:3      | Reached XP level 4. HP: 35/35 MP: 4/4
  2366 | D:3      | Reached ** piety under Trog
  2873 | D:3      | Reached XP level 5. HP: 39/41 MP: 5/5
  3356 | D:3      | Found an opulent altar of Gozag.
  3363 | D:3      | Reached skill level 5 in Long Blades
  3592 | D:3      | Found a shimmering blue altar of Sif Muna.
  3864 | D:4      | Found an iron altar of Okawaru.
  4189 | D:4      | Reached XP level 6. HP: 47/47 MP: 6/6
  5204 | D:5      | Entered Level 5 of the Dungeon
  5609 | D:4      | Reached XP level 7. HP: 37/54 MP: 7/7
  7375 | D:6      | Reached XP level 8. HP: 26/60 MP: 8/8
  7821 | D:6      | Found a shimmering altar of Xom.
  7832 | D:6      | Reached skill level 1 in Maces & Flails
  8608 | D:6      | Noticed Sigmund
  8637 | D:6      | Killed Sigmund
  9096 | D:7      | Reached XP level 9. HP: 63/67 MP: 9/9
  9140 | D:7      | Found a burning altar of Makhleb.
  9188 | D:7      | Reached skill level 5 in Fighting
  9294 | D:7      | Noticed a troll
  9303 | D:7      | Killed a troll
  9303 | D:7      | Reached skill level 5 in Maces & Flails
  9355 | D:7      | Found a hide-covered altar of Uskayaw.
  9451 | D:7      | Reached *** piety under Trog
  9750 | D:7      | Noticed Harold
  9811 | D:7      | Killed Harold
  9811 | D:7      | Reached skill level 5 in Armour
  9970 | D:7      | Reached XP level 10. HP: 72/76 MP: 10/10
  9994 | D:7      | Found a staircase to the Ecumenical Temple.
 10027 | Temple   | Entered the Ecumenical Temple
 10142 | D:7      | Noticed Prince Ribbit
 10173 | D:7      | Killed Prince Ribbit
 10580 | D:7      | Found Waplin's Weapon Boutique.
 10869 | D:8      | Found Natosch's Distillery.
 10877 | D:8      | Found an ancient bone altar of Kikubaaqudgha.
 11495 | D:8      | Found a runed translucent gate.
 11496 | D:8      | Found a runed translucent gate.
 11496 | D:8      | Noticed dracos369's ghost (novice OgAM)
 11500 | D:8      | Found a runed translucent gate.
 11500 | D:8      | Identified the cursed +0 short sword of Valour {elec, rElec
                  | rF+ rC+}
 12185 | D:9      | Found a runed translucent door.
 12186 | D:9      | Noticed a fire dragon
 12187 | D:9      | Noticed a fire dragon
 12187 | D:9      | Noticed an ice dragon
 12188 | D:9      | Found the +2 shield of Resistance {rF+ rC+ MR+}
 12188 | D:9      | Noticed an ice dragon
 12213 | D:9      | Found a runed translucent door.
 12487 | D:9      | Got a warped war axe
 12723 | D:9      | Reached skill level 1 in Evocations
 12883 | D:10     | Entered Level 10 of the Dungeon
 12883 | D:10     | Noticed Snorg
 13100 | D:10     | Noticed a two-headed ogre
 13107 | D:9      | Killed a two-headed ogre
 13372 | D:10     | Noticed a two-headed ogre
 13381 | D:10     | Killed a two-headed ogre
 13381 | D:10     | Reached XP level 11. HP: 84/84 MP: 11/11
 13622 | D:10     | Reached **** piety under Trog
 13864 | D:10     | Noticed a two-headed ogre
 13878 | D:10     | Killed a two-headed ogre
 14004 | D:10     | Noticed Nergalle
 14018 | D:10     | Killed Nergalle
 14657 | D:10     | Found a staircase to the Lair.
 14702 | Lair:1   | Entered Level 1 of the Lair of Beasts
 15143 | Lair:1   | Reached skill level 10 in Long Blades
 15143 | Lair:1   | Reached skill level 10 in Maces & Flails
 15352 | Lair:1   | Got a tiger eye-encrusted scale mail
 16294 | Lair:1   | Noticed a six-headed hydra
 16307 | Lair:1   | Killed a six-headed hydra
 16307 | Lair:1   | Reached XP level 12. HP: 72/94 MP: 12/12
 16326 | Lair:1   | Identified the +5 war axe of Mourning {venom, SInv} (You
                  | found it on level 9 of the Dungeon)
 16337 | Lair:1   | Identified the +1 scale mail of Insurance {rElec MP-9
                  | Str+3} (You found it on level 1 of the Lair of Beasts)
 16648 | Lair:1   | Noticed an eight-headed hydra
 16660 | Lair:1   | Killed an eight-headed hydra
 17342 | D:10     | Killed Snorg
 17533 | D:10     | Identified the cursed +1 leather armour of the Swan
                  | {Stlth+}
 17537 | D:10     | Reached ***** piety under Trog
 17614 | D:10     | Noticed Urug
 17625 | D:10     | Killed Urug
 17695 | D:10     | Noticed an unseen horror
 17701 | D:10     | Killed an unseen horror
 18225 | D:10     | Found a staircase to the Orcish Mines.
 18245 | D:10     | Found a roughly hewn altar of Beogh.
 18499 | D:11     | Noticed a tengu warrior
 18825 | D:10     | Killed a tengu warrior
 19144 | D:11     | Noticed an unseen horror
 19153 | D:11     | Killed an unseen horror
 19153 | D:11     | Received a gift from Trog
 19158 | D:11     | Reached XP level 13. HP: 101/101 MP: 13/13
 20293 | D:12     | Got a slimy chain mail
 20423 | D:12     | Identified the cursed +0 chain mail of Inference {+Inv
                  | rElec SInv} (You found it on level 12 of the Dungeon)
 21399 | Lair:2   | Noticed Erica
 21409 | Lair:2   | Killed Erica
 21676 | Lair:2   | Reached skill level 10 in Fighting
 22138 | Lair:2   | Received a gift from Trog
 22473 | Lair:3   | Found a staircase to the Snake Pit.
 23249 | Lair:3   | Noticed a five-headed hydra
 23249 | Lair:3   | Noticed an eight-headed hydra
 23446 | Lair:3   | Killed a one-headed hydra
 23722 | Lair:3   | Found a staircase to the Snake Pit.
 23872 | Lair:3   | Killed a five-headed hydra
 24262 | Lair:4   | Reached XP level 14. HP: 76/110 MP: 9/14
 25214 | Lair:4   | Found a staircase to the Swamp.
 25574 | Lair:4   | Reached skill level 5 in Evocations
 26353 | Lair:5   | Received a gift from Trog
 26602 | Lair:5   | Got a scorched trident
 26603 | Lair:5   | Identified the +6 trident "Aruimis" {speed, rPois Int+7
                  | Stlth-} (You found it on level 5 of the Lair of Beasts)
 26800 | Lair:5   | Noticed Sonja
 26813 | Lair:5   | Killed Sonja
 27165 | Lair:5   | Found a blossoming altar of Fedhas.
 27676 | Lair:6   | Entered Level 6 of the Lair of Beasts
 29176 | Lair:6   | Noticed a dire elephant
 29218 | Lair:6   | Killed a dire elephant
 29402 | Lair:6   | Reached XP level 15. HP: 91/118 MP: 12/15
 29566 | Lair:6   | Found a runed translucent gate.
 29566 | Lair:6   | Found a runed translucent gate.
 29567 | Lair:6   | Found a runed translucent gate.
 29575 | Lair:6   | Noticed Zarlindeir's ghost (journeyman GrEE)
 29582 | Lair:6   | Found a viscous altar of Jiyva.
 30405 | Lair:6   | Found a viscous altar of Jiyva.
 30406 | Lair:6   | Found a staircase to the Slime Pits.
 30827 | Lair:6   | Got a shimmering executioner's axe
 30828 | Lair:6   | Identified the +8 executioner's axe of Melee {pain, +Rage
                  | rC+ Int+5} (You found it on level 6 of the Lair of Beasts)
 31262 | Orc:1    | Entered Level 1 of the Orcish Mines
 32188 | Orc:2    | Entered Level 2 of the Orcish Mines
 32576 | Orc:2    | Found a staircase to the Elven Halls.
 32654 | Orc:2    | Found Neduthiss's Weapon Shop.
 32688 | Orc:2    | Received a gift from Trog
 32950 | Orc:2    | Found a roughly hewn altar of Beogh.
 33202 | Orc:2    | Reached skill level 5 in Dodging
 33226 | Orc:2    | Found Gitzed's Weapon Shop.
 33226 | Orc:2    | Found Osun's Distillery.
 33234 | Orc:2    | Found Narchuphi's Weapon Shop.
 33234 | Orc:2    | Found Ikeelys's Armour Emporium.
 33245 | Orc:2    | Bought a potion of ambrosia for 128 gold pieces
 33499 | Orc:2    | Bought the +5 falchion of the Lame Duck {elec, rPois MR+}
                  | for 887 gold pieces
 34457 | D:13     | Identified the +8 war axe "Reugohe" {vamp, rPois MR+
                  | Stlth+}
 35216 | D:14     | Received a gift from Trog
 35340 | D:14     | Reached XP level 16. HP: 118/127 MP: 9/16
 35505 | D:14     | Found a basalt altar of Yredelemnul.
 35572 | D:14     | Reached skill level 15 in Maces & Flails
 35693 | D:14     | Found a gate to the Vaults.
 35724 | D:14     | Noticed Kirke
 35734 | D:14     | Reached skill level 15 in Long Blades
 35746 | D:14     | Killed Kirke
 36357 | D:15     | Entered Level 15 of the Dungeon
 36477 | D:15     | Found a staircase to the Depths.
 38362 | Swamp:1  | Entered Level 1 of the Swamp
 38459 | Swamp:1  | Noticed a thorn hunter
 38471 | Swamp:1  | Killed a thorn hunter
 38477 | Swamp:1  | Received a gift from Trog
 38616 | Swamp:1  | Got a pitted helmet
 38632 | Swamp:1  | Identified the cursed +0 helmet "Burchazad" {rF- MR+ Str+3
                  | Dex+4} (You found it on level 1 of the Swamp)
 40221 | Swamp:2  | Reached XP level 17. HP: 92/133 MP: 10/17
 41156 | Swamp:2  | Reached skill level 10 in Armour
 42002 | Swamp:3  | Reached skill level 1 in Axes
 42043 | Swamp:3  | Noticed a thorn hunter
 42059 | Swamp:3  | Killed a thorn hunter
 42066 | Swamp:3  | Received a gift from Trog
 43276 | Swamp:3  | Reached ****** piety under Trog
 43314 | Swamp:4  | Entered Level 4 of the Swamp
 44301 | Swamp:4  | Noticed a tentacled monstrosity
 44309 | Swamp:4  | Reached skill level 5 in Axes
 44310 | Swamp:4  | Killed a tentacled monstrosity
 44632 | Swamp:4  | Received a gift from Trog
 44712 | Swamp:4  | Got a decaying rune of Zot
 45173 | Swamp:4  | Reached XP level 18. HP: 123/143 MP: 13/18
 45602 | Snake:1  | Entered Level 1 of the Snake Pit
 46240 | Snake:1  | Got a crystal hand crossbow {don't use}
 46273 | Snake:1  | Reached skill level 10 in Evocations
 46514 | Snake:1  | Found Onlitzuegh's Gadget Emporium.
 46515 | Snake:1  | Found Xemouggaschi's Jewellery Shop.
 46515 | Snake:1  | Found Ugogawk's Jewellery Shop.
 46529 | Snake:1  | Bought the amulet of Dewkuxubb {Spirit MP+9} for 782 gold
                  | pieces
 47252 | Snake:2  | Found Ruecvasi's Gadget Shop.
 47671 | Snake:2  | Found a transporter.
 47736 | Snake:2  | Noticed Aizul
 47743 | Snake:2  | Killed Aizul
 48055 | Snake:2  | Found a transporter.
 48309 | Snake:2  | Noticed a Brimstone Fiend
 50213 | Snake:4  | Entered Level 4 of the Snake Pit
 50231 | Snake:4  | Noticed Bai Suzhen
 50239 | Snake:4  | Received a gift from Trog
 50242 | Snake:4  | Noticed Louise
 50249 | Snake:3  | Killed Bai Suzhen
 51209 | Snake:4  | Reached XP level 19. HP: 151/151 MP: 19/19
 51819 | Snake:4  | Found a runed translucent door.
 51819 | Snake:4  | Noticed marsu's ghost (adept FoFi)
 51847 | Snake:4  | Killed marsu's ghost
 51847 | Snake:4  | Reached skill level 10 in Axes
 52171 | Snake:4  | Killed Louise
 52881 | Snake:4  | Received a gift from Trog
 53149 | Snake:4  | Got a serpentine rune of Zot
 54039 | Snake:2  | Killed a Brimstone Fiend
 54119 | Snake:2  | Got a faintly glowing amber ring
 54126 | Snake:2  | Got a crude iron ring
 54154 | Snake:2  | Identified the ring of Pocritua {rPois rN++ Stlth+} (You
                  | found it on level 2 of the Snake Pit)
 54155 | Snake:2  | Identified the ring of Xom's Sleight of Hands {rElec rC++
                  | rCorr} (You found it on level 2 of the Snake Pit)
 54499 | Snake:1  | Bought a wand of clouds (6) for 450 gold pieces
 54709 | Elf:1    | Entered Level 1 of the Elven Halls
 54755 | Elf:1    | Received a gift from Trog
 54801 | Elf:1    | Found Paisol's Antique Weapon Shoppe.
 54821 | Elf:1    | Found a frozen archway.
 54840 | IceCv    | Entered an ice cave
 55047 | IceCv    | Reached XP level 20. HP: 147/160 MP: 20/20
 55381 | IceCv    | Noticed an Ice Fiend
 55387 | IceCv    | Killed an Ice Fiend
 55390 | IceCv    | Got a diamond-encrusted plate armour
 55402 | IceCv    | Identified the +1 plate armour of the Wild Haggis {Int+4
                  | Stlth+} (You found it in an ice cave)
 55617 | Elf:1    | Identified a scroll of acquirement
 55618 | Elf:1    | Acquired the +2 pair of gloves of the Trombone {rF+}
 55704 | Elf:1    | Found Iluet's Assorted Antiques.
 55776 | Elf:1    | Found Less's Book Emporium.
 55786 | Elf:1    | Bought a wand of enslavement (6) for 74 gold pieces
 55786 | Elf:1    | Bought a wand of paralysis (7) for 74 gold pieces
 56055 | Elf:1    | Found Gekehoid's Distillery.
 56101 | Elf:1    | Received a gift from Trog
 56261 | Elf:1    | Found a runed translucent door.
 56262 | Elf:1    | Noticed threeofswords's ghost (adept HuBe)
 56295 | Elf:1    | Killed threeofswords's ghost
 56455 | Elf:1    | Bought a potion of haste for 110 gold pieces
 56639 | Elf:2    | Reached skill level 15 in Fighting
 56647 | Elf:2    | Found a ruined gateway.
 56651 | Desolati | Entered the Desolation of Salt
 56952 | Desolati | Found the +7 Kryia's mail coat {PotionHeal*2 rC+}
 56955 | Desolati | Found the +8 lance "Wyrmbane" {slay drac, rPois rF+ rC+
                  | AC+3}
 56957 | Desolati | Got a steaming tin ring
 56958 | Desolati | Identified the ring of the Twelve Bounties {+Fly rC+ rN++
                  | MR+ Dex-3} (You found it in the Desolation of Salt)
 56976 | Desolati | Got a scintillating lead amulet
 56979 | Desolati | Identified the amulet of the Manifold Planets {Acrobat rF+
                  | Str+3 Int-4 Slay+5} (You found it in the Desolation of
                  | Salt)
 57430 | Desolati | Received a gift from Trog
 57880 | Desolati | Identified the Handbook of the Unholy Mountains
 57882 | Desolati | Got a flickering brass ring
 57883 | Desolati | Identified the ring "Muumy" {Str+4 Stlth+} (You found it in
                  | the Desolation of Salt)
 57888 | Desolati | Got a bloodstained rapier
 57891 | Desolati | Got a bloodstained quarterstaff
 57896 | Desolati | Identified the cursed +3 quarterstaff of Fedhas's Grace
                  | {drain, rPois rN+ SInv} (You found it in the Desolation of
                  | Salt)
 57968 | Desolati | Got a wavering granite ring
 57972 | Desolati | Got a brightly glowing plate armour
 57973 | Desolati | Identified the +7 plate armour of Bad Feelings {rF+} (You
                  | found it in the Desolation of Salt)
 57987 | Desolati | Identified the ring "Bis Unot" {rPois rCorr} (You found it
                  | in the Desolation of Salt)
 58833 | Elf:2    | Identified Roxanne's Guide on Earth
 58833 | Elf:2    | Noticed Roxanne
 58875 | Elf:2    | Killed Roxanne
 59099 | Elf:2    | Reached XP level 21. HP: 153/168 MP: 21/21
 59285 | Elf:2    | Found a runed translucent gate.
 59285 | Elf:2    | Found a runed translucent gate.
 59306 | Elf:2    | Found a runed translucent gate.
 59327 | Elf:2    | Received a gift from Trog
 60008 | Elf:2    | Identified the +5 quarterstaff of Light {vorpal, rF+ Str+4}
 60088 | Elf:3    | Entered Level 3 of the Elven Halls
 60249 | Elf:3    | Found Laintiro's Weapon Shop.
 61049 | Elf:3    | Identified the ring of Noucwo {rPois rF++ Int+6}
 61058 | Elf:3    | Received a gift from Trog
 61129 | Elf:3    | Found a shimmering blue altar of Sif Muna.
 61569 | Elf:3    | Received a gift from Trog
 61651 | Elf:3    | Reached XP level 22. HP: 178/178 MP: 22/22
 61790 | Elf:3    | Got a fading shortbow {don't use}
 62122 | Vaults:1 | Entered Level 1 of the Vaults
 62711 | Vaults:1 | Received a gift from Trog
 63280 | Vaults:1 | Received a gift from Trog
 64463 | Vaults:2 | Found a staircase to the Crypt.
 64463 | Vaults:2 | Found an ancient bone altar of Kikubaaqudgha.
 64463 | Vaults:2 | Found a basalt altar of Yredelemnul.
 65130 | Vaults:2 | Found a runed translucent door.
 65130 | Vaults:2 | Found a shimmering altar of Xom.
 65130 | Vaults:2 | Identified the +5 halberd "Wiopop" {chaos, rF+ Dex+3}
 65130 | Vaults:2 | Noticed MrRokkomies's ghost (adept DgWn)
 65142 | Vaults:2 | Killed MrRokkomies's ghost
 65663 | Vaults:3 | Received a gift from Trog
 65694 | Vaults:3 | Reached XP level 23. HP: 181/185 MP: 23/23
 65703 | Vaults:3 | Got a fading battleaxe {god gift}
 65704 | Vaults:3 | Identified the +1 battleaxe of Crawling {flame, +Inv Int+6}
                  | (Trog gifted it to you on level 3 of the Vaults)
 66880 | Vaults:3 | Received a gift from Trog
 67804 | Slime:1  | Entered Level 1 of the Pits of Slime
 67822 | Slime:1  | Gained mutation: Scrolls take you a little longer to read.
                  | [a shining eye]
 67840 | Slime:1  | Received a gift from Trog
 68222 | Slime:3  | Reached XP level 24. HP: 184/193 MP: 23/23
 68308 | Slime:5  | Entered Level 5 of the Pits of Slime
 69156 | Slime:4  | Noticed Dissolution
 69164 | Slime:4  | Gained mutation: You are clumsy. (Dex -2) [a shining eye]
 69170 | Slime:4  | Gained mutation: You are weak. (Str -2) [a shining eye]
 69171 | Slime:4  | Killed Dissolution
 69630 | Slime:5  | Found a viscous altar of Jiyva.
 69682 | Slime:5  | Noticed the Royal Jelly
 69834 | Slime:5  | Killed the Royal Jelly
 69859 | Slime:5  | Lost mutation: Scrolls take you a little longer to read.
                  | [potion of mutation]
 69859 | Slime:5  | Lost mutation: You are clumsy. (Dex -2) [potion of
                  | mutation]
 69859 | Slime:5  | Lost mutation: You are weak. (Str -2) [potion of mutation]
 69859 | Slime:5  | Gained mutation: Your flesh is heat resistant. (rF+)
                  | [potion of mutation]
 69859 | Slime:5  | Gained mutation: You are agile. (Dex +2) [potion of
                  | mutation]
 70138 | Slime:5  | Got a crystal short sword
 70184 | Slime:5  | Got a slimy rune of Zot
 70733 | D:8      | Killed dracos369's ghost
 71040 | Lair:6   | Killed Zarlindeir's ghost
 71040 | Lair:6   | Reached skill level 15 in Evocations
 71064 | Lair:6   | Acquired 1190 gold pieces
 71330 | Crypt:1  | Entered Level 1 of the Crypt
 71728 | Crypt:1  | Received a gift from Trog
 71758 | Crypt:1  | Got a buzzing scimitar {god gift}
 71759 | Crypt:1  | Identified the +5 scimitar of Kameab {vorpal, MR+ Str+8
                  | Dex-4} (Trog gifted it to you on level 1 of the Crypt)
 71788 | Crypt:1  | Reached XP level 25. HP: 129/201 MP: 23/23
 73312 | Crypt:2  | Upgraded the game from 0.26-a0-450-ge645bd13c1 to
                  | 0.26-a0-451-gacbe401039
 73807 | Crypt:2  | Noticed Boris
 73846 | Crypt:2  | Killed Boris
 73859 | Crypt:2  | Received a gift from Trog
 74792 | Crypt:2  | Identified the amulet of Gucaom {Spirit rF- rN+ Str+5 SInv}
 74868 | Crypt:3  | Entered Level 3 of the Crypt
 74895 | Crypt:2  | Reached skill level 10 in Dodging
 75396 | Crypt:3  | Found the macabre finger necklace {rN+}
 75430 | Crypt:3  | Identified the +5 battleaxe "Lynemak" {venom, rN++ Dex+3}
 75794 | Crypt:3  | Noticed a curse toe
 75805 | Crypt:3  | Killed a curse toe
 76136 | Crypt:3  | Found a staircase to the Tomb.
 76579 | Crypt:3  | Noticed an ancient lich
 76579 | Crypt:3  | Noticed an ancient lich
 76580 | Crypt:3  | Noticed an ancient lich
 76580 | Crypt:3  | Noticed an ancient lich
 76846 | Crypt:3  | Killed an ancient lich
 76852 | Crypt:3  | Killed an ancient lich
 76952 | Crypt:3  | Killed an ancient lich
 76971 | Crypt:3  | Killed an ancient lich
 76971 | Crypt:3  | Reached XP level 26. HP: 159/209 MP: 23/23
 76976 | Crypt:3  | Got a shimmering scythe
 77879 | Vaults:5 | Entered Level 5 of the Vaults
 77887 | Vaults:5 | Received a gift from Trog
 78129 | Vaults:4 | Noticed Frederick
 78143 | Vaults:4 | Killed Frederick
 78251 | Vaults:5 | Reached skill level 15 in Armour
 78582 | Vaults:4 | Gained mutation: Your magical capacity is low. (-10% MP) [a
                  | neqoxec]
 78703 | Vaults:4 | Received a gift from Trog
 79247 | Vaults:4 | Reached XP level 27. HP: 217/217 MP: 15/20
 79331 | Vaults:5 | Received a gift from Trog
 79778 | Vaults:5 | Identified the +10 mace "Cuhic" {flame, +Rage rN+++ Int+3
                  | Dex-2}
 79992 | Vaults:5 | Got a silver rune of Zot
 80216 | Vaults:5 | Identified the ring of Solebowk {Ice Stlth+}
 80344 | Vaults:5 | Got a transparent scimitar
 80345 | Vaults:5 | Identified the +11 scimitar of Gummo {vorpal, rN+} (You
                  | found it on level 5 of the Vaults)
 80536 | Vaults:5 | Received a gift from Trog
 80816 | Vaults:5 | Found Plog's Magic Scroll Emporium.
 80821 | Vaults:5 | Bought a scroll of acquirement for 936 gold pieces
 80821 | Vaults:5 | Bought a scroll of vulnerability for 135 gold pieces
 80821 | Vaults:5 | Bought a scroll of teleportation for 54 gold pieces
 80821 | Vaults:5 | Bought a scroll of teleportation for 54 gold pieces
 80821 | Vaults:5 | Bought a scroll of teleportation for 54 gold pieces
 80821 | Vaults:5 | Bought a scroll of enchant weapon for 135 gold pieces
 80821 | Vaults:5 | Acquired 1090 gold pieces
 80832 | Vaults:5 | Found Cuon's Magic Scroll Shoppe.
 80837 | Vaults:5 | Bought a scroll of fear for 73 gold pieces
 80837 | Vaults:5 | Bought a scroll of teleportation for 63 gold pieces
 80837 | Vaults:5 | Bought a scroll of vulnerability for 157 gold pieces
 80837 | Vaults:5 | Bought a scroll of vulnerability for 157 gold pieces
 80837 | Vaults:5 | Bought a scroll of identify for 42 gold pieces
 80837 | Vaults:5 | Bought a scroll of enchant weapon for 157 gold pieces
 80837 | Vaults:5 | Bought a scroll of enchant weapon for 157 gold pieces
 80838 | Vaults:5 | Got a bloodstained hat
 80839 | Vaults:5 | Identified the +2 hat "Woemif" {*Corrode rElec SInv} (You
                  | found it on level 5 of the Vaults)
 81047 | Vaults:5 | Acquired 960 gold pieces
 81495 | Depths:1 | Entered Level 1 of the Depths
 81532 | Depths:1 | Noticed Asterion
 81571 | Depths:1 | Killed Asterion
 81818 | Depths:1 | Found a gateway to Hell.
 82027 | Depths:1 | Received a gift from Trog
 82420 | Depths:1 | Got a smoking chain mail
 82421 | Depths:1 | Identified the +3 chain mail of the Sunfish {-Cast Int+2
                  | Dex+8 Slay+5} (You found it on level 1 of the Depths)
 82425 | Depths:1 | Found Uhivunacs's Gadget Shop.
 82425 | Depths:1 | Found Pouxuum's Book Boutique.
 82428 | Depths:1 | Found Rinnul's General Store.
 82438 | Depths:1 | Bought a potion of invisibility for 120 gold pieces
 82902 | Depths:2 | Found a gateway to a ziggurat.
 83018 | Depths:2 | Found a one-way gate to the infinite horrors of the Abyss.
 83175 | Depths:2 | Noticed Boris
 83200 | Depths:2 | Killed Boris
 83204 | Depths:2 | Received a gift from Trog
 83292 | Depths:2 | Noticed the Enchantress
 83310 | Depths:2 | Killed the Enchantress
 84919 | Depths:3 | Found a one-way gate leading to the halls of Pandemonium.
 84928 | Depths:3 | Received a gift from Trog
 85478 | Depths:3 | Found Icsa's Island Escapes.
 86052 | Depths:3 | Noticed a greater mummy
 86373 | Depths:3 | Noticed a greater mummy
 86379 | Depths:3 | Killed a greater mummy
 86446 | Depths:3 | Found the +7 sceptre of Torment {pain, torment}
 86718 | Depths:3 | Noticed a greater mummy
 86729 | Depths:3 | Killed a greater mummy
 87108 | Depths:4 | Got an opal-studded chain mail
 87109 | Depths:4 | Identified the +7 chain mail of the Loofah {rElec rF+ MR+}
                  | (You found it on level 4 of the Depths)
 87486 | Depths:4 | Acquired 760 gold pieces
 87578 | Depths:4 | Received a gift from Trog
 88400 | Depths:5 | Entered Level 5 of the Depths
 88489 | Depths:5 | Noticed a juggernaut
 88512 | Depths:5 | Killed a juggernaut
 88843 | Depths:5 | Received a gift from Trog
 88982 | Depths:5 | Found a shimmering altar of Xom.
 90144 | Depths:5 | Found a gate to the Realm of Zot.
 90528 | Depths:4 | Voluntarily entered the Abyss.
 90700 | Abyss:1  | Noticed an ancient lich
 90715 | Abyss:1  | Killed an ancient lich
 90774 | Abyss:2  | Found a corrupted altar of Lugonu.
 90780 | Abyss:2  | Found a basalt altar of Yredelemnul.
 90972 | Abyss:3  | Received a gift from Trog
 91000 | Abyss:3  | Got an abyssal rune of Zot
 91017 | Abyss:5  | Entered Level 5 of the Abyss
 91017 | Abyss:5  | Found a shimmering altar of Xom.
 91017 | Abyss:5  | Found a shimmering altar of Xom.
 91017 | Abyss:5  | Found a shimmering altar of Xom.
 91017 | Abyss:5  | Found a shimmering altar of Xom.
 91082 | Abyss:5  | Gained mutation: Your spells are a little easier to cast,
                  | but a little less powerful. [a neqoxec]
 91413 | Depths:4 | Escaped the Abyss
 91678 | D:8      | Bought a potion of curing for 36 gold pieces
 91678 | D:8      | Bought a potion of curing for 36 gold pieces
 91678 | D:8      | Bought a potion of cancellation for 96 gold pieces
 91678 | D:8      | Bought a potion of haste for 120 gold pieces
 91678 | D:8      | Bought a potion of curing for 36 gold pieces
 91678 | D:8      | Bought a potion of haste for 120 gold pieces
 91678 | D:8      | Bought a potion of invisibility for 96 gold pieces
 91678 | D:8      | Bought a potion of haste for 120 gold pieces
 91678 | D:8      | Bought a potion of curing for 36 gold pieces
 91833 | Orc:2    | Bought a potion of curing for 48 gold pieces
 91833 | Orc:2    | Bought a potion of cancellation for 128 gold pieces
 91833 | Orc:2    | Bought a potion of might for 64 gold pieces
 91833 | Orc:2    | Bought a potion of curing for 48 gold pieces
 91833 | Orc:2    | Bought a potion of curing for 48 gold pieces
 91833 | Orc:2    | Bought a potion of mutation for 128 gold pieces
 91833 | Orc:2    | Bought a potion of curing for 48 gold pieces
 91906 | Elf:1    | Bought a potion of curing for 33 gold pieces
 91906 | Elf:1    | Bought a potion of heal wounds for 55 gold pieces
 91906 | Elf:1    | Bought a potion of heal wounds for 55 gold pieces
 92193 | Snake:2  | Bought a box of beasts for 400 gold pieces
 92193 | Snake:2  | Bought a wand of clouds (6) for 600 gold pieces
 92193 | Snake:2  | Bought a wand of clouds (4) for 480 gold pieces
 92193 | Snake:2  | Bought a wand of paralysis (10) for 240 gold pieces
 92193 | Snake:2  | Bought a box of beasts for 400 gold pieces
 92193 | Snake:2  | Bought a phantom mirror for 600 gold pieces
 92193 | Snake:2  | Bought a wand of disintegration (12) for 320 gold pieces
 92256 | Snake:1  | Bought a box of beasts for 300 gold pieces
 92256 | Snake:1  | Bought a wand of enslavement (6) for 120 gold pieces
 92256 | Snake:1  | Bought a box of beasts for 300 gold pieces
 92488 | Depths:1 | Bought a wand of iceblast (11) for 180 gold pieces
 92488 | Depths:1 | Bought a wand of polymorph (4) for 72 gold pieces
 92488 | Depths:1 | Bought a phantom mirror for 360 gold pieces
 92488 | Depths:1 | Bought a phantom mirror for 360 gold pieces
 92488 | Depths:1 | Bought a phantom mirror for 360 gold pieces
 92488 | Depths:1 | Bought a box of beasts for 240 gold pieces
 92493 | Depths:1 | Bought a scroll of enchant armour for 112 gold pieces
 92886 | Zot:1    | Entered Level 1 of the Realm of Zot
 94301 | Zot:2    | Received a gift from Trog
 94952 | Zot:3    | Got a crude platinum ring
 94953 | Zot:3    | Identified the cursed ring "Rivesianiy" {*Slow rF+++ rC+++
                  | MP-9 EV-4} (You found it on level 3 of the Realm of Zot)
 95317 | Zot:3    | Found a transporter.
 95319 | Zot:3    | Found the +0 mask of the Dragon {MR+ Slay+3 SInv}
 95419 | Zot:3    | Found a transporter.
 95939 | Zot:3    | Reached skill level 15 in Axes
 96718 | Zot:4    | Received a gift from Trog
 97803 | Zot:4    | Noticed a Killer Klown
 97845 | Zot:4    | Killed a Killer Klown
 98287 | Zot:4    | Noticed a Killer Klown
 98311 | Zot:4    | Killed a Killer Klown
 99932 | Zot:5    | Entered Level 5 of the Realm of Zot
100671 | Zot:5    | Received a gift from Trog
100975 | Zot:5    | Found Zonuewn's Changing Room.
101024 | Zot:5    | Bought a potion of mutation for 152 gold pieces
101024 | Zot:5    | Bought a potion of mutation for 152 gold pieces
101024 | Zot:5    | Bought a potion of mutation for 152 gold pieces
101024 | Zot:5    | Bought a wand of polymorph (10) for 228 gold pieces
101024 | Zot:5    | Bought a wand of polymorph (10) for 228 gold pieces
101217 | Zot:5    | Noticed an ancient lich
101221 | Zot:5    | Killed an ancient lich
101241 | Zot:5    | Noticed an orb of fire
101241 | Zot:5    | Noticed an ancient lich
101242 | Zot:5    | Noticed an orb of fire
101261 | Zot:5    | Lost mutation: You are agile. (Dex +2) [an orb of fire]
101265 | Zot:5    | Killed an orb of fire
101270 | Zot:5    | Killed an ancient lich
101287 | Zot:5    | Killed an orb of fire
101295 | Zot:5    | Noticed an orb of fire
101303 | Zot:5    | Gained mutation: Scrolls take you a little longer to read.
                  | [an orb of fire]
101308 | Zot:5    | Killed an orb of fire
101319 | Zot:5    | Noticed an orb of fire
101331 | Zot:5    | Killed an orb of fire
101332 | Zot:5    | Noticed an ancient lich
101338 | Zot:5    | Killed an ancient lich
101338 | Zot:5    | Noticed an orb of fire
101353 | Zot:5    | Gained mutation: Your magical capacity is very low. (-20%
                  | MP) [an orb of fire]
101354 | Zot:5    | Gained mutation: You are dopey. (Int -2) [an orb of fire]
101356 | Zot:5    | Killed an orb of fire
101374 | Zot:5    | Noticed a Killer Klown
101386 | Zot:5    | Killed a Killer Klown
101386 | Zot:5    | Noticed a Killer Klown
101391 | Zot:5    | Killed a Killer Klown
101436 | Zot:5    | Noticed an orb of fire
101446 | Zot:5    | Gained mutation: Your spells are easier to cast, but less
                  | powerful. [an orb of fire]
101448 | Zot:5    | Killed an orb of fire
101494 | Zot:5    | Noticed an orb of fire
101497 | Zot:5    | Gained mutation: Your spells are much easier to cast, but
                  | much less powerful. [an orb of fire]
101503 | Zot:5    | Gained mutation: You are frail. (-10% HP) [an orb of fire]
101506 | Zot:5    | Killed an orb of fire
101518 | Zot:5    | Noticed an orb of fire
101532 | Zot:5    | Killed an orb of fire
101712 | Zot:5    | Lost mutation: Scrolls take you a little longer to read.
                  | [potion of mutation]
101712 | Zot:5    | Lost mutation: You are frail. (-10% HP) [potion of
                  | mutation]
101712 | Zot:5    | Lost mutation: Your spells are much easier to cast, but
                  | much less powerful. [potion of mutation]
101712 | Zot:5    | Gained mutation: You are agile. (Dex +2) [potion of
                  | mutation]
102023 | Zot:5    | Found Zonuewn's Changing Room.
103166 | Zot:5    | Fell from the grace of Trog
103478 | Depths:4 | Voluntarily entered the Abyss.
103517 | Abyss:1  | Found an iron altar of Okawaru.
103806 | Depths:4 | Escaped the Abyss
103879 | Depths:4 | Voluntarily entered the Abyss.
103956 | Abyss:1  | Found a corrupted altar of Lugonu.
104101 | Depths:4 | Escaped the Abyss
104410 | Depths:2 | Voluntarily entered the Abyss.
104413 | Abyss:1  | Found a corrupted altar of Lugonu.
104447 | Abyss:1  | Identified the ring "Kenlivib" {Ice MR+ Str-2 Dex+4} (You
                  | found it on level 1 of the Abyss)
104494 | Depths:2 | Escaped the Abyss
104756 | Depths:2 | Voluntarily entered the Abyss.
104891 | Depths:2 | Escaped the Abyss
104893 | Depths:2 | Voluntarily entered the Abyss.
104992 | Depths:2 | Escaped the Abyss
104994 | Depths:2 | Voluntarily entered the Abyss.
105053 | Abyss:1  | Found a corrupted altar of Lugonu.
105243 | Depths:2 | Escaped the Abyss
105245 | Depths:2 | Voluntarily entered the Abyss.
105581 | Depths:2 | Escaped the Abyss
105701 | Depths:2 | Voluntarily entered the Abyss.
105909 | Depths:2 | Escaped the Abyss
105939 | Hell     | Entered the Vestibule of Hell
105939 | Hell     | Noticed Geryon
106322 | Depths:3 | Killed a greater mummy
107131 | Depths:2 | Voluntarily entered the Abyss.
107304 | Depths:2 | Escaped the Abyss
107546 | Depths:2 | Voluntarily entered the Abyss.
107779 | Depths:2 | Escaped the Abyss
107930 | Depths:2 | Voluntarily entered the Abyss.
107973 | Depths:2 | Escaped the Abyss
107975 | Depths:2 | Voluntarily entered the Abyss.
108433 | Depths:2 | Escaped the Abyss
108691 | Depths:2 | Voluntarily entered the Abyss.
108740 | Depths:2 | Escaped the Abyss
108869 | Depths:2 | Voluntarily entered the Abyss.
109278 | Depths:2 | Escaped the Abyss
109280 | Depths:2 | Voluntarily entered the Abyss.
109287 | Abyss:1  | Found a shimmering altar of Xom.
109287 | Abyss:1  | Found a shimmering altar of Xom.
109287 | Abyss:1  | Found a shimmering altar of Xom.
109825 | Depths:2 | Escaped the Abyss
110118 | Depths:2 | Voluntarily entered the Abyss.
110539 | Abyss:3  | Found a corrupted altar of Lugonu.
110585 | Depths:2 | Escaped the Abyss
111489 | Hell     | Killed Geryon
111734 | Hell     | Found a gateway to the decaying netherworld of Tartarus.
111785 | Hell     | Found a gateway to the freezing wastes of Cocytus.
111953 | Hell     | Found a gateway to the Iron City of Dis.
112075 | Hell     | Found a gateway to the ashen valley of Gehenna.
112207 | Coc:1    | Entered Level 1 of Cocytus
113000 | Coc:1    | Noticed a shard shrike
113010 | Hell     | Killed a shard shrike
113182 | Geh:1    | Entered Level 1 of Gehenna
114335 | Depths:2 | Paralysed by Trog for 4 turns
115085 | Hell     | Found a gateway to the decaying netherworld of Tartarus.
115181 | Hell     | Found a gateway to the ashen valley of Gehenna.
115275 | Hell     | Found a gateway to the freezing wastes of Cocytus.
115523 | Tar:1    | Entered Level 1 of Tartarus
115595 | Dis:1    | Entered Level 1 of the Iron City of Dis
116517 | Geh:1    | Reached skill level 15 in Dodging
117370 | Geh:1    | Reached skill level 5 in Stealth
119758 | Geh:1    | Was forgiven by Trog
119768 | Hell     | Lost mutation: Your magical capacity is very low. (-20% MP)
                  | [potion of mutation]
119768 | Hell     | Lost mutation: Your magical capacity is low. (-10% MP)
                  | [potion of mutation]
119768 | Hell     | Lost mutation: You are agile. (Dex +2) [potion of mutation]
119768 | Hell     | Lost mutation: You are dopey. (Int -2) [potion of mutation]
119768 | Hell     | Gained mutation: You are weak. (Str -2) [potion of
                  | mutation]
119768 | Hell     | Gained mutation: You have sharp toenails. [potion of
                  | mutation]
119769 | Hell     | Lost mutation: You have sharp toenails. [potion of
                  | mutation]
119769 | Hell     | Lost mutation: You are weak. (Str -2) [potion of mutation]
119769 | Hell     | Lost mutation: Your flesh is heat resistant. (rF+) [potion
                  | of mutation]
119769 | Hell     | Gained mutation: You have sharp fingernails. [potion of
                  | mutation]
119769 | Hell     | Gained mutation: You passively map a small area around you.
                  | [potion of mutation]
120177 | Zot:5    | Got the Orb of Zot
120188 | Zot:5    | Noticed Tesef the pandemonium lord
120870 | D:$      | Escaped with the Orb!

Illustrated notes

Levels and vault maps discovered:
D:1:      dpeg_arrival_boxorama, layout_loops_corners
D:2:      layout_basic, nicolae_ashenzari_panopticon, glass_columns_a,
          xom_teletrap_fun
D:3:      layout_basic, led_sif_pool,
          nicolae_gozag_cash_rules_everything_around_me
D:4:      layout_layer_cave, kennysheep_little_box, hangedman_decor_opposing
D:5:      layout_rooms, serial_undead, serial_undead_e, serial_undead_d,
          serial_undead_c, serial_undead_d
D:6:      layout_cave_pods, old_standard_altar, uniq_sigmund
D:7:      layout_basic, lemuel_doored_altar, eat_drink_and_be_merry_uskayaw,
          minmay_temple_entry_junction, serial_shops, nicolae_shop_waterfront,
          uniq_harold, uniq_prince_ribbit1
D:8:      layout_gridville, kiku_gazebo_pond_becter,
          gammafunk_ghost_nasty_kobolds, serial_shops, shop
D:9:      layout_loops_ring, minmay_guarded_unrand_resistance
D:10:     layout_stronghold, lair_entry_dummy, minmay_orc_entry_temple_small,
          uniq_nergalle, uniq_urug, uniq_snorg
D:11:     layout_rooms
D:12:     layout_stronghold, minivault_19
D:13:     layout_cave_pools
D:14:     layout_loops_ring, david_vaults_2, basic_altar,
          kennysheep_flooded_box, uniq_kirke
D:15:     grunt_enter_depths_snipers, layout_basic, serial_bayou_pond_d
Temple:   minmay_freezing_vapour_temple
Lair:1:   layout_loops_ring, minivault_24
Lair:2:   layout_small_grid, infiniplex_staircase_pool, uniq_erica
Lair:3:   layout_hall_layers, guppyfry_snake_entry_garden,
          grunt_forest_large_clearing_hut, grunt_megastairs_3,
          lemuel_fruit_fields
Lair:4:   layout_loops_ring, minmay_swamp_entry_swarm
Lair:5:   layout_cave_pods, tgw_fedhas, grunt_megastairs_4, uniq_sonja
Lair:6:   gammafunk_lair_ancient_temple, layout_small_grid, slime_altar_1,
          gammafunk_ghost_ooze
Swamp:1:  layout_basic_swamp, hangedman_swamp_ruin_wall, swamp_pool2
Swamp:2:  layout_basic_swamp, evilmike_swamp_ruin_house_4,
          infiniplex_staircase_pool_2
Swamp:3:  layout_falls_marsh, evilmike_swamp_ruin_house_6
Swamp:4:  swamp_vile, layout_basic_swamp
Snake:1:  layout_onion, minmay_shop_grove
Snake:2:  gammafunk_its_a_trap, layout_misc_corridors, serial_shops, shop,
          nicolae_coiled_stairwell_up, uniq_aizul
Snake:3:  layout_layer_cave
Snake:4:  grunt_snake_rune_pools, layout_cave_town, gammafunk_ghost_grave,
          grunt_megastairs_2, uniq_bai_suzhen, uniq_louise
Slime:1:  layout_caves, special_room [special_room_jelly]
Slime:2:  layout_caves
Slime:3:  layout_caves
Slime:4:  layout_caves, uniq_dissolution
Slime:5
Orc:1:    layout_caves
Orc:2:    grunt_orc_tribal_feast, layout_diamond_mine, serial_shops, shop,
          david_defended_altar_orc
Elf:1:    elf_arrival_002, layout_rooms, serial_shops, shop, shop, shop, shop,
          portal_ice_cave_entry_pillars_three, gammafunk_ghost_grave,
          minmay_elf_sorcery, chequers_big_river
Elf:2:    layout_geoelf_diagonals, portal_desolation_entry_nicolae_nacl,
          hangedman_elf_simple_split, lemuel_flamethrower_3, uniq_roxanne
Elf:3:    elf_hall_gauntlet_wide, layout_geoelf_diagonals, serial_shops,
          nicolae_shop_stone, basic_altar
Vaults:1: v_rooms_1, nicolae_vaults_little_squares_3, vaults_room_door_hall,
          v_pattern_4, v_misc_4, ontoclasm_vaults_tryst, v_misc_3,
          vaults_room_fours, special_room_vaults [special_room_orc],
          layout_vaults_big_room
Vaults:2: ebering_vaults_ghost_xom, vaults_dpeg_hooks,
          minmay_crypt_entry_necro_gods, v_misc_10, v_misc_18,
          ontoclasm_vaults_gateway, nicolae_vaults_asterisk,
          nicolae_vaults_network_quinsquares
          [nicolae_vaults_network_quincunx_subvault,
          nicolae_vaults_network_quincunx_subvault,
          nicolae_vaults_network_quincunx_subvault,
          nicolae_vaults_network_quincunx_subvault], v_alt_pattern_3,
          ontoclasm_vaults_shuriken, layout_vaults_omnigrid
Vaults:3: ontoclasm_vaults_bender, hangedman_vaults_impose,
          nicolae_vaults_hallways_thing, vaults_dpeg_encased_lava,
          nicolae_vaults_little_squares_6, nicolae_vaults_network_star,
          hangedman_vaults_corner, hangedman_vaults_impose, v_misc_30,
          vaults_room_stairs_pillars, hangedman_vaults_cutoff,
          layout_vaults_omnicross
Vaults:4: nicolae_vaults_stairing_the_circle, ontoclasm_vaults_ring_square,
          vaults_mumra_minichess, hangedman_vaults_variations,
          vaults_mumra_chevron_long, v_rooms_2, v_misc_3, nicolae_vaults_big_ls,
          nicolae_vaults_little_squares_1, nicolae_vaults_little_squares_4,
          ontoclasm_vaults_loading_screen, grunt_vaults_hallway_short,
          layout_vaults_ring, uniq_frederick
Vaults:5
Crypt:1:  layout_misc_corridors
Crypt:2:  layout_catacombs, minmay_misc_feat_alley, uniq_boris
Crypt:3:  david_glass_crypt, layout_gridlike, nicolae_tomb_entry_rubble_hallway
Depths:1: layout_long_grid, minmay_misc_feat_doors, hell_entry,
          minmay_serpent_palace, serial_bayou_shore_a, minmay_shop_star,
          serial_bayou_shore_b, uniq_asterion
Depths:2: kennysheep_room_grid, layout_honeycomb, enter_ziggurat_b, hell_entry,
          abyss_entry, skrybe_limestone_x, chequers_serial_rivers_room_a,
          kennysheep_island_fort, uniq_enchantress
Depths:3: minmay_guarded_unrand_sceptre_of_torment, layout_cave_shapes,
          rand_demon_pan_entry_5, minmay_door_square, hell_entry,
          nicolae_island_escapes
Depths:4: hangedman_screamer, layout_basic, grunt_mini_vestibule,
          abyss_entry_small_statue_room, minmay_misc_feat_tiny
Depths:5: evilmike_zot_entry_hall, layout_gridlike, lemuel_statue_altar,
          hangedman_geh_valley
Hell
Dis:1:    layout_subdivisions, hangedman_dis_decor_tower,
          hangedman_player_shredder
Dis:2:    layout_chaotic_city
Dis:3:    layout_subdivisions
Dis:4:    layout_regular_city, hangedman_dis_decor_blocks_talon
Geh:1:    layout_gehenna_lava_caves
Coc:1:    layout_cocytus_water_paths
Tar:1:    layout_honeycomb
Zot:1:    layout_misc_corridors
Zot:2:    lemuel_acid_trip, layout_concentric_octagons
Zot:3:    layout_misc_corridors, chequers_guarded_unrand_mask_of_the_dragon
Zot:4:    grunt_deathspiral_small, layout_cathedral_of_symmetry,
          guppyfry_library_mini
Zot:5:    layout_cellular_growth, nicolae_transmutations_shop

Skill      XL: |  1  2  3  4  5  6  7  8  9 10 11 12 13 14 15 16 17 18 19 20 21 22 23 24 25 26 27 |
---------------+----------------------------------------------------------------------------------+-----
Stealth        | 1 2 6 |  6.2
Long Blades    | 4 5 6 7 8 10 11 12 14 15 16 17 18 19 20 21 24 | 24.0
Armour         | 3 5 6 7 8 9 10 11 12 13 14 15 22 | 22.0
Fighting       | 4 6 7 8 9 10 11 12 13 14 15 16 17 18 23 | 23.0
Dodging        | 3 4 5 7 8 9 10 15 | 15.8
Maces & Flails | 3 6 8 10 11 12 14 15 16 17 18 19 20 21 24 | 24.0
Evocations     | 2 3 4 6 7 8 9 10 12 13 14 15 19 | 19.4
Axes           | 6 9 12 13 20 | 20.2

Action                   |  1- 3 |  4- 6 |  7- 9 | 10-12 | 13-15 | 16-18 | 19-21 | 22-24 | 25-27 || total
-------------------------+-------+-------+-------+-------+-------+-------+-------+-------+-------++-------
Melee: Falchion          |    98 |   153 |   161 |       |   206 |   484 |       |       |       ||  1102
       Long sword        |       |       |   155 |   723 |  1039 |       |       |       |       ||  1917
       Morningstar       |       |       |       |     9 |       |       |       |   163 |   660 ||   832
       Scimitar          |       |       |       |       |    68 |   123 |   115 |       |       ||   306
       Eveningstar       |       |       |       |       |    68 |       |       |       |       ||    68
       Dagger            |       |       |       |       |     1 |       |       |       |       ||     1
       War axe           |       |       |       |       |       |   738 |  1231 |  1211 |  1937 ||  5117
       Flail             |       |       |       |       |       |       |    16 |       |       ||    16
       Dire flail        |       |       |       |       |       |       |    41 |       |       ||    41
       Lance             |       |       |       |       |       |       |       |       |   404 ||   404
       Triple sword      |       |       |       |       |       |       |       |       |  2599 ||  2599
       Great mace        |       |       |       |       |       |       |       |       |   123 ||   123
Throw: Stone             |       |    21 |    15 |    28 |    45 |    14 |    12 |       |     4 ||   139
       Throwing net      |       |       |       |       |       |       |       |       |     3 ||     3
Invok: Berserk           |     2 |     7 |     9 |    18 |    13 |    11 |     4 |     6 |     4 ||    74
       Trog's Hand       |       |       |       |       |     3 |     5 |    11 |     6 |    40 ||    65
       Brothers in Arms  |       |       |       |       |     1 |       |     4 |     3 |     3 ||    11
       Renounce Religion |       |       |       |       |       |       |       |       |     1 ||     1
 Abil: Evoke Flight      |       |       |       |       |       |       |       |       |     3 ||     3
Evoke: Wand              |       |       |     2 |    13 |    19 |    40 |    16 |       |    60 ||   150
       Lightning rod     |       |       |       |       |    15 |    17 |    19 |     8 |    18 ||    77
       Tin of tremorston |       |       |       |       |     3 |    15 |    21 |    19 |    64 ||   122
       Phial of floods   |       |       |       |       |       |       |       |     1 |     2 ||     3
       Box of beasts     |       |       |       |       |       |       |       |     1 |       ||     1
       Phantom mirror    |       |       |       |       |       |       |       |     2 |       ||     2
  Use: Scroll            |     3 |     3 |     2 |     5 |    17 |    12 |    21 |    10 |    73 ||   146
       Potion            |       |       |     1 |       |     1 |       |     2 |     5 |    30 ||    39
 Stab: Sleeping          |     3 |       |     1 |       |       |       |       |       |       ||     4
       Paralysed         |       |       |       |       |     1 |     5 |       |       |    16 ||    22
       Distracted        |       |       |       |       |       |       |     2 |     1 |     5 ||     8
       Held in net/web   |       |       |       |       |       |       |       |       |     2 ||     2
Armor: Animal skin       |     5 |       |       |       |       |       |       |       |       ||     5
       Leather armour    |    23 |     6 |       |       |       |       |       |       |       ||    29
       Ring mail         |       |    85 |    63 |       |       |       |       |       |       ||   148
       Chain mail        |       |       |    87 |   258 |       |       |       |       |       ||   345
       Plate armour      |       |       |       |   194 |   701 |   883 |   187 |   919 |   396 ||  3280
       Storm dragon scal |       |       |       |       |       |    66 |   505 |       |       ||   571
       Crystal plate arm |       |       |       |       |       |       |       |       |  4026 ||  4026
Dodge: Dodged            |    63 |   166 |   152 |   335 |   466 |   630 |   507 |   710 |  3605 ||  6634
       Repelled          |       |       |       |     2 |       |       |       |     2 |    93 ||    97
       Rpst.: Falchion   |    18 |    34 |    24 |       |    17 |    42 |       |       |       ||   135
       Long sword        |       |       |    21 |   102 |   118 |       |       |       |       ||   241
       Scimitar          |       |       |       |       |     7 |     7 |    11 |       |       ||    25
       Triple sword      |       |       |       |       |       |       |       |       |   366 ||   366

Table legend: (Time is in decaauts)
 A = Elapsed time spent in this place.
 B = Non-inter-level travel time spent in this place.
 C = Inter-level travel time spent in this place.
 D = Time resting spent in this place.
 E = Time spent auto-exploring this place.
 F = Levels seen in this place.
 G = Mean time per level.
                   A        B        C        D        E       F      G
               +--------+--------+--------+--------+--------+-----+--------+
         Total | 118933 | 107114 |  11819 |   8998 |  71218 |  99 | 1201.3 |
       Dungeon |  26076 |  22362 |   3714 |    404 |  17995 |  15 | 1738.4 |
        Temple |      1 |      1 |      0 |      0 |      0 |   1 |    1.0 |
          Lair |  14993 |  12641 |   2352 |    576 |   9428 |   6 | 2498.8 |
         Swamp |   7130 |   6917 |    213 |    233 |   5410 |   4 | 1782.5 |
     Snake Pit |   8757 |   8180 |    577 |    386 |   5937 |   4 | 2189.2 |
    Slime Pits |   2226 |   2153 |     73 |    676 |    626 |   5 |  445.2 |
  Orcish Mines |   2343 |   1925 |    418 |      0 |   1364 |   2 | 1171.5 |
   Elven Halls |   4747 |   4388 |    359 |    192 |   2666 |   3 | 1582.3 |
        Vaults |   9066 |   8255 |    811 |      0 |   5796 |   5 | 1813.2 |
         Crypt |   5650 |   5486 |    164 |     93 |   4194 |   3 | 1883.3 |
        Depths |  12631 |  10663 |   1968 |    527 |   7689 |   5 | 2526.2 |
          Hell |   3750 |   3525 |    225 |    265 |   2623 |   1 | 3750.0 |
           Dis |    446 |    446 |      0 |    328 |     16 |   4 |  111.5 |
       Gehenna |   3667 |   3667 |      0 |   2857 |     39 |   1 | 3667.0 |
       Cocytus |    182 |    182 |      0 |      0 |      9 |   1 |  182.0 |
      Tartarus |     24 |     24 |      0 |      0 |      1 |   1 |   24.0 |
           Zot |  10488 |   9548 |    940 |   1473 |   5548 |   5 | 2097.6 |
         Abyss |   4662 |   4662 |      0 |    225 |   1511 |  31 |  150.4 |
      Ice Cave |    588 |    588 |      0 |    157 |    123 |   1 |  588.0 |
    Desolation |   1495 |   1495 |      0 |    602 |    239 |   1 | 1495.0 |
               +--------+--------+--------+--------+--------+-----+--------+

Top non-repeatable levels by time:
Depths:2: 3797 daAuts
    D:10: 3785 daAuts
    Hell: 3750 daAuts
  Lair:1: 3691 daAuts
   Zot:4: 3680 daAuts
   Geh:1: 3667 daAuts
Depths:3: 3417 daAuts
  Lair:6: 3356 daAuts
 Abyss:1: 3318 daAuts
 Snake:4: 3019 daAuts
   Zot:5: 2928 daAuts
     D:4: 2552 daAuts
Vaults:4: 2370 daAuts
  Lair:3: 2320 daAuts
 Snake:3: 2247 daAuts
